TOP OF THE 1ST |
Aberdeen Pheasants batting - Pitching for Sioux Falls Packers : LHP Miguel Reyes
|
Pitching: LHP Miguel Reyes
|
|
Batting: RHB Greg Howe
|
0-0: Ball 1-0: Ball 2-0: Foul Ball, location: 2F 2-1: Ball 3-1: Base on Balls
|
Batting: RHB Alejandro Luna
|
0-0: Fly out, F8 (Flyball, 8RS, EV 80.0 MPH)
|
Batting: LHB Sergio Leija
|
0-0: Ball 1-0: Ball 2-0: Ball 3-0: Called Strike 3-1: Foul Ball, location: 2F 3-2: Fielders Choice at 2nd, 4-6 (Groundball, 4, EV 78.8 MPH)
|
Batting: LHB Robert McNair
|
0-0: Ball Sergio Leija is caught stealing 2nd base 2-6
|
Top of the 1st over - 0 runs, 0 hits, 0 errors, 0 left on base; Aberdeen 0 - Sioux Falls 0 |
BOTTOM OF THE 1ST |
Sioux Falls Packers batting - Pitching for Aberdeen Pheasants : RHP Jesus Bethancourt
|
Pitching: RHP Jesus Bethancourt
|
|
Batting: RHB Donald Devlin
|
0-0: Fly out, F6 (Flyball, 6D, EV 85.0 MPH)
|
Batting: RHB Kenneth Clayton
|
0-0: Swinging Strike 0-1: Ball 1-1: Ball 2-1: Swinging Strike 2-2: Strikes out swinging, 2-3 out at first.
|
Batting: LHB Pedro Nunez
|
0-0: Called Strike 0-1: Swinging Strike 0-2: Strikes out swinging
|
Bottom of the 1st over - 0 runs, 0 hits, 0 errors, 0 left on base; Aberdeen 0 - Sioux Falls 0 |
TOP OF THE 2ND |
Aberdeen Pheasants batting - Pitching for Sioux Falls Packers : LHP Miguel Reyes
|
Batting: LHB Robert McNair
|
0-0: Swinging Strike 0-1: Ball 1-1: Foul Ball, location: 2F 1-2: Strikes out swinging
|
Batting: SHB Stephen Moore
|
0-0: Ball 1-0: Ball 2-0: Called Strike 2-1: Foul Ball, location: 2F 2-2: Ball 3-2: Ground out U3 (Groundball, 34, EV 87.5 MPH)
|
Batting: RHB Pedro Chavez
|
0-0: Called Strike 0-1: Ball 1-1: Ball 2-1: Foul Ball, location: 2F 2-2: SINGLE (Groundball, 6MD, EV 108.1 MPH)
|
Batting: RHB Thomas Masterson
|
0-0: Foul Ball, location: 2F 0-1: Ball 1-1: Ball 2-1: Swinging Strike 2-2: Ball 3-2: Strikes out looking
|
Top of the 2nd over - 0 runs, 1 hit, 0 errors, 1 left on base; Aberdeen 0 - Sioux Falls 0 |
BOTTOM OF THE 2ND |
Sioux Falls Packers batting - Pitching for Aberdeen Pheasants : RHP Jesus Bethancourt
|
Batting: LHB Michael Wishnevski
|
0-0: Ball 1-0: Called Strike 1-1: Ball 2-1: Foul Ball, location: 2F 2-2: Ball 3-2: Foul Ball, location: 2F 3-2: Foul Ball, location: 2F 3-2: Base on Balls
|
Batting: LHB Michael Robbins
|
0-0: Foul Ball, location: 2F 0-1: Fielders Choice at 2nd, 4-6 (Groundball, 4, EV 83.1 MPH)
|
Batting: SHB Dan Hanggie
|
0-0: Called Strike 0-1: Ball 1-1: Ball 2-1: Foul Ball, location: 2F 2-2: SINGLE (Flyball, 34D, EV 94.4 MPH) Michael Robbins to second
|
Batting: RHB Javier Flores
|
0-0: Called Strike 0-1: Foul Ball, location: 2F 0-2: Ball 1-2: Ball 2-2: Strikes out swinging
|
Batting: RHB Brian Snitker
|
0-0: Called Strike 0-1: Called Strike 0-2: Strikes out looking
|
Bottom of the 2nd over - 0 runs, 1 hit, 0 errors, 2 left on base; Aberdeen 0 - Sioux Falls 0 |
TOP OF THE 3RD |
Aberdeen Pheasants batting - Pitching for Sioux Falls Packers : LHP Miguel Reyes
|
Batting: RHB Armando Ramirez
|
0-0: TRIPLE (Flyball, 89XD, EV 106.9 MPH)
|
Batting: LHB Rick Leach
|
0-0: Called Strike 0-1: Ground out 4-3 (Groundball, 4S, EV 69.4 MPH) Armando Ramirez scores
|
Batting: RHB Greg Howe
|
0-0: Called Strike 0-1: Foul Ball, location: 2F 0-2: Ball 1-2: Ground out 4-3 (Groundball, 4M, EV 81.9 MPH)
|
Batting: RHB Alejandro Luna
|
0-0: Ball 1-0: Fly out, F8 (Line Drive, 8RD, EV 94.4 MPH)
|
Top of the 3rd over - 1 run, 1 hit, 0 errors, 0 left on base; Aberdeen 1 - Sioux Falls 0 |
BOTTOM OF THE 3RD |
Sioux Falls Packers batting - Pitching for Aberdeen Pheasants : RHP Jesus Bethancourt
|
Batting: RHB Francisco Perez
|
0-0: Called Strike 0-1: Fly out, F8 (Flyball, 8LXD, EV 78.1 MPH)
|
Batting: RHB Donald Devlin
|
0-0: Called Strike 0-1: Ball 1-1: Foul Ball, location: 2F 1-2: Fly out, F7 (Flyball, 7D, EV 95.0 MPH)
|
Batting: RHB Kenneth Clayton
|
0-0: Called Strike 0-1: Foul Ball, location: 2F 0-2: Foul Ball, location: 2F 0-2: Strikes out swinging, 2-3 out at first.
|
Bottom of the 3rd over - 0 runs, 0 hits, 0 errors, 0 left on base; Aberdeen 1 - Sioux Falls 0 |
TOP OF THE 4TH |
Aberdeen Pheasants batting - Pitching for Sioux Falls Packers : LHP Miguel Reyes
|
Batting: LHB Sergio Leija
|
0-0: Ball 1-0: Called Strike 1-1: Foul Ball, location: 2F 1-2: Foul Ball, location: 2F 1-2: Ball 2-2: Fly out, F4 (Line Drive, 4, EV 67.5 MPH)
|
Batting: LHB Robert McNair
|
0-0: Foul Ball, location: 2F 0-1: Ball 1-1: Swinging Strike 1-2: Foul Ball, location: 2F 1-2: SINGLE (Line Drive, 8LS, EV 100.0 MPH)
|
Batting: SHB Stephen Moore
|
0-0: Ball Pickoff Throw to First - Out! 1-3 1-0: Ball 2-0: Ball 3-0: Base on Balls
|
Batting: RHB Pedro Chavez
|
0-0: Ball 1-0: Ground out 4-3 (Groundball, 4, EV 80.6 MPH)
|
Top of the 4th over - 0 runs, 1 hit, 0 errors, 1 left on base; Aberdeen 1 - Sioux Falls 0 |
BOTTOM OF THE 4TH |
Sioux Falls Packers batting - Pitching for Aberdeen Pheasants : RHP Jesus Bethancourt
|
Batting: LHB Pedro Nunez
|
0-0: Ground out 4-3 (Groundball, 34D, EV 86.3 MPH)
|
Batting: LHB Michael Wishnevski
|
0-0: Ball 1-0: Called Strike 1-1: Called Strike 1-2: Foul Ball, location: 2F 1-2: Single, Error in OF, E7, batter to second base (Line Drive, 7LS, EV 90.6 MPH)
|
Batting: LHB Michael Robbins
|
0-0: Ball 1-0: Called Strike 1-1: Ball 2-1: Ball 3-1: Foul Ball, location: 2F 3-2: Strikes out swinging
|
Batting: SHB Dan Hanggie
|
0-0: Ball 1-0: Ball 2-0: Called Strike 2-1: Called Strike 2-2: Strikes out swinging
|
Bottom of the 4th over - 0 runs, 1 hit, 1 error, 1 left on base; Aberdeen 1 - Sioux Falls 0 |
TOP OF THE 5TH |
Aberdeen Pheasants batting - Pitching for Sioux Falls Packers : LHP Miguel Reyes
|
Batting: RHB Thomas Masterson
|
0-0: Ball 1-0: Called Strike 1-1: Ground out 6-3 (Groundball, 6, EV 101.3 MPH)
|
Batting: RHB Armando Ramirez
|
0-0: SINGLE (Line Drive, 9S, EV 97.5 MPH)
|
Batting: LHB Rick Leach
|
0-0: Called Strike 0-1: Ball 1-1: Swinging Strike 1-2: Strikes out swinging
|
Batting: RHB Greg Howe
|
0-0: Swinging Strike 0-1: Foul Ball, location: 2F 0-2: Strikes out swinging
|
Top of the 5th over - 0 runs, 1 hit, 0 errors, 1 left on base; Aberdeen 1 - Sioux Falls 0 |
BOTTOM OF THE 5TH |
Sioux Falls Packers batting - Pitching for Aberdeen Pheasants : RHP Jesus Bethancourt
|
Batting: RHB Javier Flores
|
0-0: Called Strike 0-1: SINGLE (Groundball, 6MD, EV 107.5 MPH)
|
Batting: RHB Brian Snitker
|
0-0: Ball 1-0: Sac Bunt to 15 - play at first, batter safe! Javier Flores to second
|
Batting: RHB Francisco Perez
|
0-0: Bunted foul 0-1: Ball 1-1: Bunted foul 1-2: Fly out, F7 (Flyball, 7LS, EV 95.6 MPH)
|
Batting: RHB Donald Devlin
|
0-0: Called Strike 0-1: Foul Ball, location: 2F 0-2: Ball 1-2: Hit by Pitch Javier Flores to third Brian Snitker to second
|
Batting: RHB Kenneth Clayton
|
0-0: Called Strike 0-1: Called Strike 0-2: SINGLE (Line Drive, 5, EV 96.9 MPH) Javier Flores scores Brian Snitker to third Donald Devlin to second Runner from 3rd tries for Home, throw by LF and OUT! 7-2
|
Batting: LHB Pedro Nunez
|
0-0: Called Strike 0-1: Foul Ball, location: 2F 0-2: SINGLE (Groundball, 6MD, EV 105.6 MPH) Donald Devlin to third Kenneth Clayton to second Runner from 3rd tries for Home, SAFE, throw by CF to home
|
Batting: LHB Michael Wishnevski
|
0-0: Foul Ball, location: 2F 0-1: Ball 1-1: Ball 2-1: Ground out 4-3 (Groundball, 4, EV 84.4 MPH)
|
Bottom of the 5th over - 2 runs, 4 hits, 0 errors, 2 left on base; Aberdeen 1 - Sioux Falls 2 |
TOP OF THE 6TH |
Aberdeen Pheasants batting - Pitching for Sioux Falls Packers : LHP Miguel Reyes
|
Batting: RHB Alejandro Luna
|
0-0: Ball 1-0: Called Strike 1-1: SINGLE (Groundball, 25, EV 70.0 MPH) (infield hit)
|
Batting: LHB Sergio Leija
|
0-0: Ball 1-0: Ball 2-0: Called Strike 2-1: Foul Ball, location: 2F 2-2: Ball 3-2: Fly out, F7 (Line Drive, 7D, EV 88.1 MPH)
|
Batting: LHB Robert McNair
|
0-0: Ball 1-0: Ball 2-0: Foul Ball, location: 2F 2-1: Foul Ball, location: 2F 2-2: Foul Ball, location: 2F 2-2: Strikes out looking
|
Batting: SHB Stephen Moore
|
0-0: Ball 1-0: Fly out, F7 (Flyball, 7, EV 96.3 MPH)
|
Top of the 6th over - 0 runs, 1 hit, 0 errors, 1 left on base; Aberdeen 1 - Sioux Falls 2 |
BOTTOM OF THE 6TH |
Sioux Falls Packers batting - Pitching for Aberdeen Pheasants : RHP Jesus Bethancourt
|
Batting: LHB Michael Robbins
|
0-0: Called Strike 0-1: Ball 1-1: Foul Ball, location: 2F 1-2: Ball 2-2: Ball 3-2: Foul Ball, location: 2F 3-2: Fly out, F7 (Flyball, 7D, EV 96.9 MPH)
|
Batting: SHB Dan Hanggie
|
0-0: Ball 1-0: Ball 2-0: SOLO HOME RUN (Flyball, 9D, EV 97.5 MPH), Distance : 364 ft
|
Batting: RHB Javier Flores
|
0-0: Ball 1-0: Foul Ball, location: 2F 1-1: Ground out 4-3 (Groundball, 34, EV 77.5 MPH)
|
Batting: RHB Brian Snitker
|
0-0: Fly out, F9 (Line Drive, 9, EV 96.9 MPH)
|
Bottom of the 6th over - 1 run, 1 hit, 0 errors, 0 left on base; Aberdeen 1 - Sioux Falls 3 |
TOP OF THE 7TH |
Aberdeen Pheasants batting - Pitching for Sioux Falls Packers : LHP Miguel Reyes
|
Batting: RHB Pedro Chavez
|
0-0: Called Strike 0-1: Foul Ball, location: 2F 0-2: Ground out 5-3 (Groundball, 56, EV 81.9 MPH)
|
Batting: RHB Thomas Masterson
|
0-0: Ball 1-0: Called Strike 1-1: Ball 2-1: Ball 3-1: Base on Balls
|
Batting: RHB Armando Ramirez
|
0-0: Ball 1-0: Ball 2-0: Foul Ball, location: 2F 2-1: DOUBLE (Line Drive, 9LM, EV 96.3 MPH) Thomas Masterson to third
|
Batting: LHB Rick Leach
|
0-0: Ball 1-0: Ball 2-0: Ball 3-0: Called Strike 3-1: Swinging Strike 3-2: Foul Ball, location: 2F 3-2: Strikes out swinging
|
Batting: RHB Greg Howe
|
0-0: Ball 1-0: SINGLE (Line Drive, 9LS, EV 95.0 MPH) Thomas Masterson scores Armando Ramirez to third Runner from 3rd tries for Home, SAFE, throw by RF to home Greg Howe to second
|
Batting: RHB Alejandro Luna
|
0-0: Called Strike 0-1: Ball 1-1: Ground out 6-3 (Groundball, 6, EV 106.3 MPH)
|
Top of the 7th over - 2 runs, 2 hits, 0 errors, 1 left on base; Aberdeen 3 - Sioux Falls 3 |
BOTTOM OF THE 7TH |
Sioux Falls Packers batting - Pitching for Aberdeen Pheasants : RHP Jesus Bethancourt
|
Batting: RHB Francisco Perez
|
0-0: Ball 1-0: SINGLE (Line Drive, 89M, EV 105.0 MPH)
|
Batting: RHB Donald Devlin
|
0-0: Called Strike 0-1: Called Strike 0-2: Strikes out swinging
|
Batting: RHB Kenneth Clayton
|
0-0: DOUBLE (Flyball, 8LXD, EV 106.3 MPH) Francisco Perez to third Runner from 3rd tries for Home, SAFE, no throw by CF
|
Batting: LHB Pedro Nunez
|
0-0: Ball 1-0: Foul Ball, location: 2F 1-1: Ball 2-1: Fly out, F9 (Flyball, 89D, EV 93.8 MPH) Runner from 2nd tags up, SAFE at 3rd with throw by RF
|
Batting: LHB Michael Wishnevski
|
0-0: Called Strike 0-1: Ground out U3 (Groundball, 34, EV 84.4 MPH)
|
Bottom of the 7th over - 1 run, 2 hits, 0 errors, 1 left on base; Aberdeen 3 - Sioux Falls 4 |
TOP OF THE 8TH |
Aberdeen Pheasants batting - Pitching for Sioux Falls Packers : LHP Miguel Reyes
|
Batting: LHB Sergio Leija
|
0-0: Called Strike 0-1: Ball 1-1: Ball 2-1: Ball 3-1: Fly out, F8 (Flyball, 8RD, EV 93.1 MPH)
|
Batting: LHB Robert McNair
|
0-0: Ball 1-0: Ball 2-0: Called Strike 2-1: Foul Ball, location: 2F 2-2: SINGLE (Groundball, 34, EV 101.9 MPH)
|
Pinch Runner at 1st Bob Porter:
|
|
Batting: SHB Stephen Moore
|
0-0: Ball Bob Porter is caught stealing 2nd base 2-4 1-0: Fly out, F7 (Line Drive, 7, EV 98.1 MPH)
|
Top of the 8th over - 0 runs, 1 hit, 0 errors, 0 left on base; Aberdeen 3 - Sioux Falls 4 |
BOTTOM OF THE 8TH |
Sioux Falls Packers batting - Pitching for Aberdeen Pheasants : RHP Jesus Bethancourt
|
Now at 1B: Tim Thompson
|
|
Batting: LHB Michael Robbins
|
0-0: Ball 1-0: Foul Ball, location: 2F 1-1: Fly out, F6 (Flyball, 56D, EV 91.9 MPH)
|
Batting: SHB Dan Hanggie
|
0-0: Called Strike 0-1: Foul Ball, location: 2F 0-2: Strikes out swinging
|
Batting: RHB Javier Flores
|
0-0: Swinging Strike 0-1: Ball 1-1: Swinging Strike 1-2: Strikes out looking
|
Bottom of the 8th over - 0 runs, 0 hits, 0 errors, 0 left on base; Aberdeen 3 - Sioux Falls 4 |
TOP OF THE 9TH |
Aberdeen Pheasants batting - Pitching for Sioux Falls Packers : LHP Miguel Reyes
|
Pitching: RHP John Harshbarger
|
|
Batting: RHB Pedro Chavez
|
0-0: Called Strike 0-1: Ball 1-1: Ball 2-1: Foul Ball, location: 2F 2-2: Fly out, F5 (Line Drive, 5, EV 71.3 MPH)
|
Batting: RHB Thomas Masterson
|
0-0: Ball 1-0: Ball 2-0: Ball 3-0: Base on Balls
|
Batting: RHB Armando Ramirez
|
0-0: Ball 1-0: Swinging Strike 1-1: Foul Ball, location: 2F 1-2: Ground out 5-3 (Groundball, 56S, EV 83.1 MPH) Thomas Masterson to second
|
Batting: LHB Rick Leach
|
0-0: Ball 1-0: Swinging Strike 1-1: Ball 2-1: Ground out 6-3 (Groundball, 6, EV 85.6 MPH)
|
Top of the 9th over - 0 runs, 0 hits, 0 errors, 1 left on base; Aberdeen 3 - Sioux Falls 4 |
|